 Dungeon Crawl Stone Soup version 0.20-a0-345-gbfb25ec (webtiles) character file.

1064 FitzyFitz the Basher (level 8, -5/58 HPs)
             Began as a Mummy Fighter on Dec 22, 2016.
             Slain by a two-headed ogre
             ... wielding a +0 giant club
              (22 damage)
             ... on level 6 of the Dungeon.
             The game lasted 00:14:09 (5751 turns).

FitzyFitz the Basher (Mummy Fighter)                Turns: 5751, Time: 00:14:10

Health: -5/58      AC:  8    Str: 19    XL:     8   Next: 6%
Magic:  8/8        EV:  7    Int:  9    God:
Gold:   237        SH:  8    Dex: 12    Spells: 7/7 levels left

rFire  x . .     SeeInvis .     a - +0 flail
rCold  + + .     Gourm    .     v - +3 ring mail
rNeg   + + +     Faith    .     c - +0 shield
rPois  ∞         Spirit   .     (no helmet)
rElec  .         Reflect  .     (no cloak)
rCorr  .         Harm     .     (no gloves)
MR     +....                    (no boots)
Stlth  +.........               (no amulet)
                                u - ring of wizardry
                                t - ring of protection from cold

@: about to teleport
A: no food or potions, fire vulnerability, cold resistance 1, negative energy
resistance 3, torment resistance, unbreathing
a: no special abilities


You were on level 6 of the Dungeon.
You were not hungry.

You visited 2 branches of the dungeon, and saw 7 of its levels.
You also visited: Sewer.

You collected 237 gold pieces.

Inventory:

Hand Weapons
 a - a +0 flail (weapon)
 o - a +0 whip of flaming
Missiles
 e - 64 sling bullets
 f - 2 javelins (quivered)
 l - 14 tomahawks
Armour
 c - a +0 shield (worn)
 m - a +0 plate armour
 q - a +2 buckler
 v - a +3 ring mail (worn)
Jewellery
 b - an uncursed ring of positive energy
 d - an uncursed ring of teleportation
 t - a ring of protection from cold (left hand)
 u - a ring of wizardry (right hand)
Scrolls
 g - a scroll of noise {unknown}
 h - 2 scrolls of fear {unknown}
 i - 6 scrolls of remove curse
 j - 2 scrolls of magic mapping
 k - a scroll of enchant weapon {unknown}
 n - 3 scrolls of teleportation
 p - 3 scrolls of identify {unknown}
 r - a scroll of enchant armour {unknown}
 s - a scroll of fog {unknown}


   Skills:
 - Level 3.0 Fighting
 + Level 8.1 Maces & Flails
 - Level 2.4 Armour
 - Level 2.4 Shields


You had 7 spell levels left.
You didn't know any spells.

Dungeon Overview and Level Annotations

Branches:
Dungeon (6/15)             Temple (1/1) D:4

Altars:
Ashenzari
Cheibriados
Dithmenos
Fedhas
Gozag
Hepliaklqana
Kikubaaqudgha
Makhleb
Nemelex Xobeh
Qazlal
Ru
Sif Muna
Trog
Uskayaw
Vehumet
Xom
Yredelemnul
Zin
The Shining One


Innate Abilities, Weirdness & Mutations

You do not eat or drink.
Your flesh is vulnerable to fire.
You are immune to poison.
Your flesh is cold resistant. (rC+)
You are immune to negative energy. (rN+++)
You are immune to unholy pain and torment.
You can survive without breathing.


Message History

The two-headed ogre is lightly wounded.
Throwing (i - inventory. (,) - cycle):
f - 3 javelins (quivered)
Press: ? - help, Shift-Dir - straight line, f/p - two-headed ogre
Aim: a two-headed ogre, wielding two giant clubs (lightly wounded)
You throw a javelin. The javelin hits the two-headed ogre.
The two-headed ogre is lightly wounded.
You block the two-headed ogre's attack. The two-headed ogre barely misses you.
You hit the two-headed ogre.
The two-headed ogre is lightly wounded.
The two-headed ogre hits you with a giant club!!
The two-headed ogre hits you with a giant club!
Your shield and ring mail prevent you from hitting the two-headed ogre.
The two-headed ogre is lightly wounded.
The two-headed ogre hits you with a giant club!
* * * LOW HITPOINT WARNING * * *
The two-headed ogre barely misses you.
As you read the scroll of teleportation, it crumbles to dust.
You feel strangely unstable.
The two-headed ogre hits you with a giant club!!
You die...

##........... ..
............ #.#
##.......... #..#
##........... #...#
###....<.......
#....###...##.........
#...[.#...###.........
#.......### ##........
#..(.O@## ##.......
#......## .......
####### .#.....
.###...


You could see a two-headed ogre.

Vanquished Creatures
  A phantom (D:5)
  An ogre (D:4)
  A centaur (D:5)
  2 big kobolds (Sewer)
  A water moccasin zombie (D:5)
  A crimson imp (D:5)
  A jelly (D:5)
  A centaur skeleton (D:4)
  2 hounds
  An orc priest (D:4)
  An iguana (D:4)
  2 worker ants (D:5)
  10 adders
  9 gnolls
  2 river rats (Sewer)
  A shadow imp (D:5)
  4 oozes (Sewer)
  An adder skeleton (D:4)
  2 worms (Sewer)
  7 dart slugs
  6 leopard geckos
  5 orcs
  11 bats
  3 giant cockroaches
  10 goblins
  7 hobgoblins
  6 jackals (D:1)
  2 quokkas (D:2)
  5 ball pythons
  8 frilled lizards (D:2)
  A jackal zombie (D:5)
  15 kobolds
  A leopard gecko skeleton (D:4)
  7 rats
138 creatures vanquished.

Notes
Turn   | Place    | Note
-------+----------+-------------------------------------------
     0 | D:1      | FitzyFitz the Mummy Fighter began the quest for the Orb.
     0 | D:1      | Reached XP level 1. HP: 18/18 MP: 1/1
   214 | D:1      | Reached skill level 2 in Maces & Flails
   259 | D:1      | Reached XP level 2. HP: 22/24 MP: 2/2
   693 | D:1      | Reached XP level 3. HP: 28/29 MP: 3/3
   782 | D:1      | Reached skill level 3 in Maces & Flails
  1194 | D:2      | Found a shattered altar of Ashenzari.
  1341 | D:2      | Reached XP level 4. HP: 26/35 MP: 4/4
  1493 | D:2      | Found a sparkling altar of Nemelex Xobeh.
  1971 | D:2      | Reached skill level 4 in Maces & Flails
  2054 | D:3      | Found a glowing drain.
  2071 | Sewer    | Entered a sewer
  2138 | Sewer    | Noticed a big kobold
  2149 | Sewer    | Killed a big kobold
  2149 | Sewer    | Reached XP level 5. HP: 32/41 MP: 5/5
  2276 | Sewer    | Reached skill level 5 in Maces & Flails
  2398 | Sewer    | Reached XP level 6. HP: 38/47 MP: 6/6
  3055 | D:3      | Found an opulent altar of Gozag.
  3315 | D:4      | Reached skill level 6 in Maces & Flails
  3703 | D:4      | Found a staircase to the Ecumenical Temple.
  3707 | Temple   | Entered the Ecumenical Temple
  3966 | D:4      | Reached XP level 7. HP: 14/52 MP: 7/7
  4558 | D:5      | Entered Level 5 of the Dungeon
  4836 | D:5      | Reached skill level 7 in Maces & Flails
  5033 | D:5      | Found a snail-covered altar of Cheibriados.
  5559 | D:5      | Reached skill level 8 in Maces & Flails
  5559 | D:5      | Reached XP level 8. HP: 48/58 MP: 8/8
  5570 | D:5      | Found a hazy altar of Hepliaklqana.
  5744 | D:6      | Noticed a two-headed ogre
  5751 | D:6      | Slain by a two-headed ogre

Vault maps used:
D:1:      dpeg_arrival_rhombus
D:2:      evilmike_ruin_ashenzari, nemelex_xobeh_ov_fountains_minmay,
          minmay_lizard_king
D:3:      grunt_gozag_breadcrumbs, first_bread, portal_sewer_entry_b
D:5:      marbit_many_paths, lemuel_coloured_pillars_altar, item_on_display_a
D:6:      overflow_temple_1_default, serial_shops, nicolae_shop_crystal
Temple:   zaba_magenta_temple
Sewer:    sewer_co_15_rooms

Skill      XL: |  1  2  3  4  5  6  7 |
---------------+----------------------+-----
Maces & Flails | 2 3 4 5 6 8 |  8.1
Fighting       | |  3.0
Armour         | |  2.4
Shields        | |  2.4

Action                   |  1- 3 |  4- 6 |  7- 9 || total
-------------------------+-------+-------+-------++-------
Melee: Flail             |   161 |   359 |   147 ||   667
Throw: Javelin           |       |     4 |     2 ||     6
  Use: Scroll            |     3 |     1 |     1 ||     5
Armor: Scale mail        |    94 |    24 |       ||   118
       Plate armour      |       |   217 |    82 ||   299
       Ring mail         |       |       |     5 ||     5
Dodge: Dodged            |    68 |    77 |    16 ||   161
Block: Shield            |    97 |   176 |    62 ||   335
